Map: Romanticide LE

Players

FLORENCIO - Winner!

  • Race: Zerg Zerg
  • League: Platinum
  • Spawn Location: 5:00

mint

  • Race: Terran Terran
  • League: Platinum
  • Spawn Location: 11:00

VOD

Have the link to the VOD?

Description

Time

  • Played on: Jan. 17, 2021, 4:21 p.m.
  • Length: 9:13
Show
View Real Time Build Order
Export as new Build Order

FLORENCIO Zerg - Winner!

Build Orders: Pool First 

Get SALT Encoding   

  12  0:01  Drone  
  13  0:13  Drone  
  14  0:27  Overlord  
  14  0:47  Spawning Pool  
  13  0:50  Extractor  
  13  0:51  Drone x3  
  15  1:02  Drone  
  16  1:15  Drone  
  17  1:25  Drone  
  18  1:57  Hatchery  
  17  2:02  Drone x3, Roach Warren, Extractor  
  17  2:06  Burrow  
  18  2:19  Drone  
  19  2:26  Drone  
  20  2:35  Drone  
  20  2:54  Evolution Chamber  
  20  3:07  Hatchery  
  20  3:18  Drone  
  21  3:27  Overlord  
  21  3:28  Overlord x2  
  21  3:32  Hatchery  
  20  3:45  Hatchery  
  20  3:48  Roach  
  21  3:59  Roach  
  21  4:01  Roach  
  25  4:13  Roach  
  27  4:22  Roach  
  29  4:29  Queen  
  31  4:37  Roach  
  33  4:44  Queen  
  35  4:50  Roach  
  37  4:57  Roach x3  
  37  4:59  Roach  
  45  5:10  Roach x2  
  49  5:24  Zergling x2  
  49  5:25  Drone, Overlord  
  49  5:26  Overlord  
  45  5:34  Roach x2  
  49  5:40  Roach x4  
  47  5:45  Roach x3  
  47  5:47  Drone  
  47  5:48  Drone  
  45  6:09  Drone x4  
  45  6:10  Queen  
  45  6:15  Ravager x4  
  45  6:16  Ravager  
  45  6:17  Ravager  
  51  6:25  Drone x2  
  53  6:28  Ravager  
  53  6:30  Ravager  
  52  6:41  Roach  
  52  6:42  Roach x2  
  52  7:04  Roach x3  
  52  7:05  Roach x2  
  53  7:30  Roach  
  53  7:31  Roach x2  
  59  7:44  Roach  
  59  7:51  Roach x3  
  56  8:01  Roach x2  
  56  8:03  Roach x2  
  58  8:14  Roach  
  60  8:23  Roach x2  
  58  8:29  Roach  
  58  8:34  Drone x2  
  58  8:35  Overlord x3  
Show
View Real Time Build Order
Export as new Build Order

mint Terran 

Build Orders:  

Get SALT Encoding   

  12  0:00  SCV  
  13  0:21  SCV  
  14  0:22  Supply Depot  
  14  0:33  SCV  
  15  0:45  SCV  
  15  0:47  Barracks  
  16  0:51  Refinery  
  16  0:54  Refinery  
  16  0:57  SCV  
  17  1:09  SCV  
  18  1:20  Supply Depot  
  18  1:21  SCV  
  19  1:33  SCV  
  20  1:52  Command Center  
  20  1:54  Marine  
  21  2:12  Marine  
  22  2:30  Marine  
  23  2:43  Factory  
  23  2:44  Orbital Command  
  23  2:48  Marine  
  24  3:05  Marine  
  25  3:16  Orbital Command  
  25  3:23  Marine  
  26  3:29  Factory Tech Lab  
  26  3:33  Barracks  
  26  3:34  Starport  
  26  3:41  Marine, SCV  
  28  3:49  Orbital Command  
  28  3:51  Siege Tank  
  28  3:53  SCV  
  32  3:59  Marine  
  33  4:14  Medivac, Barracks  
  33  4:16  SCV  
  36  4:28  SCV  
  37  4:32  SCV  
  37  4:37  Barracks Tech Lab  
  38  4:40  SCV  
  38  4:43  Engineering Bay  
  38  4:44  SCV  
  40  4:46  Starport Reactor  
  40  4:52  SCV  
  41  4:56  SCV  
  42  5:00  Barracks Reactor  
  42  5:04  Siege Tank, SCV  
  42  5:06  Engineering Bay  
  46  5:13  Supply Depot  
  46  5:29  SCV  
  42  5:36  Supply Depot  
  42  5:41  SCV  
  42  5:48  Barracks Tech Lab  
  42  5:49  Combat Shield  
  40  5:53  Siege Tank  
  40  5:55  Orbital Command  
  43  6:01  Marine x3  
  44  6:09  Stimpack  
  44  6:18  Marine  
  44  6:19  Marine  
  46  6:26  SCV, Marine  
  48  6:33  Supply Depot  
  48  6:36  Marine x2  
  48  6:39  SCV  
  39  6:44  Marine  
  37  6:51  SCV  
  27  6:54  Marine x2  
  19  7:02  Marine  
  19  7:03  SCV  
  17  7:15  SCV  
  16  7:19  Marauder  
  16  7:20  Marine  
  11  7:38  Marauder  
  11  7:41  Marauder  
  15  7:49  Concussive Shells  
  14  7:57  Medivac  
  14  7:59  Marauder  
  14  8:02  Marauder  
  13  8:21  Marauder  
  13  8:23  Marauder  
Tags
 
Add a new tag
Caveats
  • Supply blocks, unpowered buildings, or Contaminate may cause inaccurate times.
  • Supply counts are checked every 10 seconds.